 Dungeon Crawl Stone Soup version 0.21.1-1-g345015f (webtiles) character file.

689 Verr the Jinx (level 7, -7/46 HPs)
             Began as a Vampire Enchanter on Mar 12, 2018.
             Killed from afar by an orc wizard (9 damage)
             ... with a magic dart
             ... on level 4 of the Dungeon.
             The game lasted 00:25:50 (6346 turns).

Verr the Jinx (Vampire Enchanter)                   Turns: 6346, Time: 00:25:50

Health: -7/46      AC:  0    Str:  9    XL:     7   Next: 36%
Magic:  5/12       EV: 20    Int: 17    God:
Gold:   213        SH:  3    Dex: 20    Spells: 7/13 levels left

rFire    . . .     SeeInvis +   (weapon currently unavailable)
rCold    + . .     Gourm    .   (shield currently unavailable)
rNeg     + + .     Faith    .   (armour currently unavailable)
rPois    +         Spirit   .   (helmet currently unavailable)
rElec    .         Reflect  +   (cloak currently unavailable)
rCorr    .         Harm     .   (gloves currently unavailable)
MR       .....                  (boots currently unavailable)
Stlth    ++++++....             u - +3 amulet of reflection
HPRegen  0.07/turn              (ring currently unavailable)
MPRegen  0.13/turn              (ring currently unavailable)

@: bat-form, flying, regenerating slowly, very quick
A: tiny, fangs 3, see invisible
a: End Transformation


You were on level 4 of the Dungeon.
You were thirsty.
You were in vampire-bat-form.
You visited 1 branch of the dungeon, and saw 4 of its levels.

You collected 213 gold pieces.

Inventory:

Hand Weapons
 a - a +1 dagger (melded)
Missiles
 l - 126 stones (quivered)
Armour
 b - a +0 robe (melded)
 g - a +0 ring mail
 t - a +0 leather armour
Jewellery
 m - a ring of protection from cold (melded)
 r - a ring of positive energy (melded)
 u - a +3 amulet of reflection (around neck)
Scrolls
 e - 10 scrolls of identify {unknown}
 f - 2 scrolls of remove curse
 h - a scroll of enchant armour {unknown}
 i - a scroll of fear {unknown}
 n - a scroll of teleportation {unknown}
 o - a scroll of enchant weapon {unknown}
 q - a scroll of noise {unknown}
 w - a scroll of magic mapping {unknown}
Potions
 d - 4 potions of blood
 j - 2 potions of curing
 k - a potion of agility {unknown}
 p - a potion of cancellation {unknown}
 v - a potion of heal wounds {unknown}
Books
 c - a book of Maledictions

   Spells                             Type                      Level
   a - Corona                         Hexes                        1
   b - Ensorcelled Hibernation        Hexes/Ice                    2
   c - Confuse                        Hexes                        3
   d - Tukima's Dance                 Hexes                        3
   e - Dazzling Spray                 Conjuration/Hexes            3
 s - a book of Necromancy

   Spells                             Type                      Level
   a - Pain                           Necromancy                   1
   b - Animate Skeleton               Necromancy                   1
   c - Vampiric Draining              Necromancy                   3
   d - Regeneration                   Charms/Necromancy            3
   e - Animate Dead                   Necromancy                   4
   f - Borgnjor's Vile Clutch         Necromancy/Earth             5


   Skills:
 + Level 3.5 Short Blades
 - Level 2.1 Dodging
 + Level 6.7 Stealth
 + Level 3.6 Spellcasting
 * Level 8.2 Hexes
 + Level 2.7 Ice Magic


You had 7 spell levels left.
You knew the following spells:

 Your Spells              Type           Power        Failure   Level  Hunger
a - Corona                Hex            ####...      1%          1    None
b - Ensorcelled Hibernat  Hex/Ice        ###...       2%          2    ##.....
c - Confuse               Hex            ####....     1%          3    ###....


Dungeon Overview and Level Annotations

Branches:
Dungeon (4/15)
 Temple: D:4-7

Altars:
Fedhas
Hepliaklqana
Nemelex Xobeh
Uskayaw


Innate Abilities, Weirdness & Mutations

You heal slowly.
You have razor-sharp teeth.
You have supernaturally acute eyesight. (SInv)
((You can survive without breathing.))


Message History

The orc priest miscasts a cantrip.
The orc priest hits you from afar with a trident!
You fail to use your ability.
The orc wizard closely misses you.
The orc priest hits you from afar with a trident.
You fail to use your ability.
The orc wizard hits you with a dagger.
The orc priest hits you from afar with a trident.
* * * LOW HITPOINT WARNING * * *
You turn into a vampire bat.
Your +1 dagger melds into your body.
Your +0 robe melds into your body.
Your ring of protection from cold melds into your body.
Your ring of positive energy melds into your body.
The orc wizard completely misses you.
The orc priest calls down the wrath of Beogh upon you.
Beogh smites you!
* * * LOW HITPOINT WARNING * * *
The orc priest completely misses you.
The orc priest looks encouraged for a moment.
The orc wizard points at you and mumbles some strange words.
The magic dart hits you!
You die...

#.o #......... #o#
..###... #.#
#.###... #o#
#..##... ###o#
#..###.. #...#
#..##### #...#
###....... #...#
##...#..###
#..b######..####.#
# #(.........##
#.# # #...########
#.# # #...# #.###
#...# #..## #...#
##... #####
#....... ...####..
# #..


You could see an orc priest, an orc wizard and an orc.

Vanquished Creatures
  Sigmund (D:3)
  The ghost of Mirai the Skirmisher, an amateur HOFi (D:4)
  Eustachio (D:3)
  The ghost of Curus the Twirler, an amateur DsGl (D:3)
  A centaur skeleton (D:4)
  An iguana (D:3)
  2 gnolls (D:4)
  3 adders
  An ooze (D:2)
  4 worms
  2 dart slugs (D:1)
  3 leopard geckos
  5 bats
  4 giant cockroaches
  5 goblins
  6 hobgoblins
  8 jackals
  2 quokkas
  2 ball pythons (D:2)
  2 frilled lizards
  8 kobolds
  10 rats
73 creatures vanquished.

Notes
Turn   | Place    | Note
-------+----------+-------------------------------------------
     0 | D:1      | Verr the Vampire Enchanter began the quest for the Orb.
     0 | D:1      | Reached XP level 1. HP: 13/13 MP: 3/3
   661 | D:1      | Reached XP level 2. HP: 19/19 MP: 3/5
   665 | D:1      | Learned a level 2 spell: Ensorcelled Hibernation
  1042 | D:1      | Reached skill level 5 in Hexes
  1533 | D:1      | Reached XP level 3. HP: 24/24 MP: 6/6
  1899 | D:2      | Learned a level 3 spell: Confuse
  1909 | D:2      | Found a blossoming altar of Fedhas.
  1955 | D:2      | Reached skill level 5 in Stealth
  2541 | D:2      | Reached XP level 4. HP: 21/30 MP: 4/7
  2875 | D:2      | Found a hazy altar of Hepliaklqana.
  2940 | D:3      | Found a sparkling altar of Nemelex Xobeh.
  3053 | D:3      | Noticed Curus's ghost (amateur DsGl)
  3239 | D:3      | Found a hide-covered altar of Uskayaw.
  3401 | D:3      | Noticed Sigmund
  3416 | D:3      | Killed Sigmund
  3416 | D:3      | Reached skill level 6 in Hexes
  3416 | D:3      | Reached skill level 1 in Ice Magic
  3416 | D:3      | Reached XP level 5. HP: 35/35 MP: 3/9
  3524 | D:3      | Reached XP level 6. HP: 41/41 MP: 7/10
  4362 | D:3      | Killed Curus's ghost
  4362 | D:3      | Reached skill level 7 in Hexes
  4841 | D:4      | Noticed Eustachio
  5012 | D:4      | Noticed Mirai's ghost (amateur HOFi)
  5654 | D:3      | Killed Eustachio
  5654 | D:3      | Reached XP level 7. HP: 41/46 MP: 4/12
  5991 | D:4      | Killed Mirai's ghost
  5991 | D:4      | Reached skill level 8 in Hexes
  6340 | D:4      | HP: 1/46 [orc priest/divine providence (11)]
  6346 | D:4      | Killed from afar by an orc wizard

Skill      XL: |  1  2  3  4  5  6  7 |
---------------+----------------------+-----
Hexes          | 5 6 7 8 |  8.2
Stealth        | 5 6 |  6.7
Short Blades   | 2 3 |  3.5
Spellcasting   | 3 |  3.6
Ice Magic      | 1 2 |  2.7
Dodging        | |  2.1

Action                   |  1- 3 |  4- 6 |  7- 9 || total
-------------------------+-------+-------+-------++-------
Melee: Dagger            |   127 |    65 |    17 ||   209
       Bite              |     6 |     6 |     1 ||    13
       Unarmed           |       |    14 |       ||    14
 Cast: Corona            |     4 |     2 |       ||     6
       Ensorcelled Hiber |    42 |    32 |     5 ||    79
       Confuse           |       |     4 |     2 ||     6
 Abil: Bat Form          |     1 |     5 |     1 ||     7
       End Transformatio |     1 |     5 |       ||     6
  Use: Potion            |     3 |     5 |     2 ||    10
       Scroll            |     2 |       |       ||     2
 Stab: Sleeping          |    33 |    21 |     1 ||    55
       Confused          |       |     2 |     5 ||     7
Armor: Robe              |    35 |    16 |       ||    51
Dodge: Dodged            |    80 |   139 |     4 ||   223
Block: Other             |       |       |     1 ||     1
